 Dungeon Crawl Stone Soup version 0.31-a0-1-g4198be8af4 (webtiles) character file.

Game seed: 9095182089517371255

55 OldManVictorn the Covert (level 3, 0/35 HPs)
             Began as a Gnoll Delver on May 1, 2023.
             Slain by a bullfrog skeleton (4 damage)
             ... on level 5 of the Dungeon.
             The game lasted 00:00:34 (323 turns).

OldManVictorn the Covert (Gnoll Delver)              Turns: 323, Time: 00:00:35

Health: 0/35       AC:  3    Str: 11    XL:     3   Next: 93%
Magic:  2/4        EV: 13    Int: 11    God:
Gold:   23         SH:  0    Dex: 13    Spells: 4/4 levels left

rFire   . . .        h - +0 rapier
rCold   . . .        (no shield)
rNeg    . . .        b - +0 leather armour
rPois   .            (no helmet)
rElec   .            (no cloak)
rCorr   .            (no gloves)
SInv    .            (no boots)
Will    .....        (no amulet)
Stlth   ++++         (no ring)
HPRegen 0.25/turn    (no ring)
MPRegen 0.09/turn

%: no passive effects
@: no status effects
A: fangs 1, strong nose, distributed training
a: no special abilities


You were on level 5 of the Dungeon.
You visited 1 branch of the dungeon, and saw 1 of its levels.

You collected 23 gold pieces.

Inventory:

Hand Weapons
 a - a +0 short sword
 h - a +0 rapier (weapon)
Armour
 b - a +0 leather armour (worn)
Wands
 g - a wand of digging (6)
Scrolls
 c - a scroll of fog
 d - a scroll of magic mapping
 e - a scroll of fear
Potions
 f - a potion of haste


   Skills:
 + Level 6.5 Fighting
 + Level 4.6 Short Blades
 + Level 1.0 Long Blades
 + Level 1.0 Axes
 + Level 1.0 Maces & Flails
 + Level 1.0 Polearms
 + Level 1.0 Staves
 + Level 1.0 Ranged Weapons
 + Level 1.0 Throwing
 + Level 1.0 Armour
 + Level 4.6 Dodging
 + Level 9.6 Stealth
 + Level 1.0 Shields
 + Level 1.0 Unarmed Combat
 + Level 1.0 Spellcasting
 + Level 0.7 Conjurations
 + Level 0.7 Hexes
 + Level 0.7 Summonings
 + Level 0.7 Necromancy
 + Level 0.7 Translocations
 + Level 0.7 Transmutations
 + Level 0.7 Fire Magic
 + Level 0.7 Ice Magic
 + Level 0.7 Air Magic
 + Level 0.7 Earth Magic
 + Level 0.7 Poison Magic
 + Level 1.1 Invocations
 + Level 1.0 Evocations


You had 4 spell levels left.
You didn't know any spells.
Your spell library was empty.

Dungeon Overview and Level Annotations

Branches:
Dungeon (5/15)
 Temple: D:4-7

Altars:


Innate Abilities, Weirdness & Mutations

You have very sharp teeth.
Your uncanny sense of smell can sniff out nearby items.
Your experience applies equally to all skills.


Message History

The centaur zombie is almost destroyed.
The centaur zombie barely misses you. The centaur zombie closely misses you.
The centaur zombie misses you.
The centaur zombie kicks you but does no damage.
You hit the centaur zombie.
You destroy the centaur zombie!
Your Long Blades skill increases to level 1!
Your Axes skill increases to level 1!
Your Maces & Flails skill increases to level 1!
Your Polearms skill increases to level 1!
Your Staves skill increases to level 1!
Your Ranged Weapons skill increases to level 1!
Your Throwing skill increases to level 1!
Your Armour skill increases to level 1!
Your Shields skill increases to level 1!
Your Unarmed Combat skill increases to level 1!
Your Spellcasting skill increases to level 1!
Your Invocations skill increases to level 1!
Your Evocations skill increases to level 1!
You have reached level 3!
Your experience leads to an increase in your attributes!
Increase (S)trength, (I)ntelligence, or (D)exterity?
You feel clever. x2
You hit the bullfrog skeleton.
The bullfrog skeleton is lightly damaged.
The bullfrog skeleton hits you but does no damage.
A scorpion zombie comes into view.
The bullfrog skeleton misses you.
You hit the bullfrog skeleton.
The bullfrog skeleton is moderately damaged.
The bullfrog skeleton hits you.
* * * LOW HITPOINT WARNING * * *
You hit the bullfrog skeleton but do no damage.
The bullfrog skeleton is moderately damaged.
The bullfrog skeleton hits you.
* * * LOW HITPOINT WARNING * * *
You hit the bullfrog skeleton.
The bullfrog skeleton is heavily damaged.
The bullfrog skeleton hits you.
You die...

##.#..##.#.8.
.........>..88#...
###.................
...........#.......
###.......#.#ZZ..#..
##........##.#.....
....>.....##.#... #
..........##.#.####..#
..........'...ZZ@...#
+#........##.#.##.#....#
.#........##.#..#.# ###
.#........##.####.#
........<###.. .#
########## #.# ##
........# #.# ........#
#.# ........#


You could see a scorpion zombie and a bullfrog skeleton.

Vanquished Creatures
  A centaur zombie (D:5)
  2 adders (D:5)
  A worm (D:5)
4 creatures vanquished.

Vanquished Creatures (others)
  A withered plant (D:5)
1 creature vanquished.

Grand Total: 5 creatures vanquished

Notes
Turn   | Place    | Note
-------+----------+-------------------------------------------
     0 | D:5      | Reached skill level 9 in Stealth
     0 | D:5      | OldManVictorn the Gnoll Delver began the quest for the Orb.
     0 | D:5      | Reached XP level 1. HP: 23/23 MP: 1/1
    60 | D:5      | Reached XP level 2. HP: 10/29 MP: 2/2
   320 | D:5      | Reached skill level 1 in Long Blades
   320 | D:5      | Reached skill level 1 in Axes
   320 | D:5      | Reached skill level 1 in Maces & Flails
   320 | D:5      | Reached skill level 1 in Polearms
   320 | D:5      | Reached skill level 1 in Staves
   320 | D:5      | Reached skill level 1 in Ranged Weapons
   320 | D:5      | Reached skill level 1 in Throwing
   320 | D:5      | Reached skill level 1 in Armour
   320 | D:5      | Reached skill level 1 in Shields
   320 | D:5      | Reached skill level 1 in Unarmed Combat
   320 | D:5      | Reached skill level 1 in Spellcasting
   320 | D:5      | Reached skill level 1 in Invocations
   320 | D:5      | Reached skill level 1 in Evocations
   320 | D:5      | Reached XP level 3. HP: 9/35 MP: 2/4
   323 | D:5      | Slain by a bullfrog skeleton

Illustrated notes

Levels and vault maps discovered:
D:5:      layout_basic, serial_undead, serial_undead_c, serial_undead_f,
          serial_undead_b, serial_undead_c, minmay_statues_item

Skill      XL: |  1  2 |
---------------+-------+-----
Stealth        | |  9.6
Long Blades    | 1 |  1.0
Axes           | 1 |  1.0
Maces & Flails | 1 |  1.0
Polearms       | 1 |  1.0
Staves         | 1 |  1.0
Ranged Weapons | 1 |  1.0
Throwing       | 1 |  1.0
Armour         | 1 |  1.0
Shields        | 1 |  1.0
Unarmed Combat | 1 |  1.0
Spellcasting   | 1 |  1.0
Invocations    | 1 |  1.1
Evocations     | 1 |  1.0
Fighting       | |  6.5
Short Blades   | |  4.6
Dodging        | |  4.6
Conjurations   | |  0.7
Hexes          | |  0.7
Summonings     | |  0.7
Necromancy     | |  0.7
Translocations | |  0.7
Transmutations | |  0.7
Fire Magic     | |  0.7
Ice Magic      | |  0.7
Air Magic      | |  0.7
Earth Magic    | |  0.7
Poison Magic   | |  0.7

Action                     || total
---------------------------++-------
  Melee: Short sword       ||    29
         Bite              ||     3
         Rapier            ||    21
 Armour: Leather armour    ||     8
  Dodge: Dodged            ||    27

Table legend: (Time is in decaauts)
 A = Elapsed time spent in this place.
 B = Non-inter-level travel time spent in this place.
 C = Inter-level travel time spent in this place.
 D = Time resting spent in this place.
 E = Time spent auto-exploring this place.
 F = Levels seen in this place.
 G = Mean time per level.
                   A        B        C        D        E       F      G
               +--------+--------+--------+--------+--------+-----+--------+
         Total |    315 |    315 |      0 |    191 |     47 |   1 |  315.0 |
       Dungeon |    315 |    315 |      0 |    191 |     47 |   1 |  315.0 |
               +--------+--------+--------+--------+--------+-----+--------+

Top non-repeatable levels by time:
     D:5: 315 daAuts
